 Dungeon Crawl Stone Soup version 0.29-a0-334-gb41bcbb86e (webtiles) character file.

Game seed: 2623996695021964864

66 siradein the Vexing (level 4, 0/39 HPs)
             Began as a Naga Arcane Marksman on Apr 15, 2022.
             Slain by an iguana (11 damage)
             ... on level 3 of the Dungeon.
             The game lasted 00:03:10 (2337 turns).

siradein the Vexing (Naga Arcane Marksman)          Turns: 2337, Time: 00:03:11

Health: 0/39       AC:  2    Str: 12    XL:     4   Next: 15%
Magic:  15/15      EV: 10    Int: 14    God:
Gold:   184        SH:  0    Dex: 13    Spells: 2/6 levels left

rFire   . . .      SeeInvis +   a - +0 hand crossbow
rCold   + . .      Faith    .   (no shield)
rNeg    . . .      Spirit   .   b - +0 robe
rPois   +          Reflect  .   (no helmet)
rElec   .          Harm     .   (no cloak)
rCorr   .          Rampage  .   (no gloves)
Will    .....                   (no barding)
Stlth   +.........              (no amulet)
HPRegen 0.13/turn               f - ring of protection from cold
MPRegen 0.14/turn               g - ring of magical power

@: very slow
A: AC +1, large, see invisible, deformed body, poison resistance, slowness 2,
spit poison 1, naga tail 1
a: Spit Poison


You were on level 3 of the Dungeon.
You visited 1 branch of the dungeon, and saw 3 of its levels.

You collected 184 gold pieces.

Inventory:

Hand Weapons
 a - a +0 hand crossbow (weapon)
Armour
 b - a +0 robe (worn)
Jewellery
 f - a ring of protection from cold (left hand)
 g - a ring of magical power (right hand)
Scrolls
 c - a scroll of vulnerability
 d - 5 scrolls of identify {unknown}
 j - a scroll of enchant weapon {unknown}
 k - a scroll of fear {unknown}
 m - a scroll of immolation {unknown}
Potions
 e - a potion of brilliance {unknown}
 h - a potion of resistance {unknown}
 i - 2 potions of lignification {unknown}
 l - a potion of berserk rage {unknown}
 n - a potion of curing {unknown}
 o - 2 potions of heal wounds {unknown}


   Skills:
 + Level 1.8 Fighting
 + Level 2.3 Crossbows
 + Level 2.1 Dodging
 + Level 1.7 Spellcasting
 + Level 3.4 Hexes


You had 2 spell levels left.
You knew the following spells:

 Your Spells              Type           Power      Damage    Failure   Level
a - Slow                  Hex            40%        N/A       6%          1
b - Inner Flame           Hex/Fire       5%         N/A       36%         3

Your spell library contained the following spells:

 Spells                   Type           Power      Damage    Failure   Level
 Confusing Touch          Hex            10%        N/A       19%         3
 Portal Projectile        Hex/Tloc       10%        N/A       36%         3
 Summon Guardian Golem    Hex/Summ       5%         N/A       36%         3
 Cause Fear               Hex            5%         N/A       52%         4
 Vampiric Draining        Necr           1%         2d6       58%         3
 Orb of Destruction       Conj           0%         9d5       100%        7
 Spellforged Servitor     Conj/Summ      0%         N/A       100%        7


Dungeon Overview and Level Annotations

Branches:
Dungeon (3/15)

Altars:


Innate Abilities, Weirdness & Mutations

Your serpentine skin is tough. (AC +1)
You have supernaturally acute eyesight. (SInv)
Armour fits poorly on your strangely shaped body.
Your system is resistant to poisons. (rPois)
You cover ground very slowly.
You can spit poison.
You have a snake-like lower body.


Message History

The shadow imp is moderately wounded.
The adder bites you. The orc hits you but does no damage.
The adder barely misses you.
You shoot a bolt. The bolt hits the shadow imp.
The shadow imp is severely wounded.
The adder closely misses you. The shadow imp closely misses you.
The orc barely misses you. The adder bites you.
You shoot a bolt. The bolt closely misses the shadow imp.
The shadow imp disappears for a moment.
The shadow imp barely misses you. The orc hits you with a +0 dagger.
The adder completely misses you. The orc closely misses you.
The shadow imp hits you. The adder bites you.
You shoot a bolt. The bolt closely misses the shadow imp.
The adder barely misses you. The shadow imp misses you.
The orc hits you but does no damage.
You shoot a bolt. The bolt hits the shadow imp.
The shadow imp is almost dead.
The adder closely misses you. The shadow imp hits you.
The orc closely misses you. The adder barely misses you.
The shadow imp barely misses you. The orc hits you with a +0 dagger.
You are too injured to fight recklessly!
You are too injured to fight recklessly!
You are too injured to fight recklessly!
You are too injured to fight recklessly!
Unknown command.
Shoot: a) +0 hand crossbow
Press: ? - help, Q - select action, (/) - cycle Shift-Dir - straight line, f/p - shadow imp
Aim: a shadow imp (almost dead, 55% to hit)
You shoot a bolt. The bolt hits the shadow imp.
You kill the shadow imp!
The adder bites you. x2; The orc hits you with a +0 dagger.
* * * LOW HITPOINT WARNING * * *
Shoot: a) +0 hand crossbow
Press: ? - help, Q - select action, (/) - cycle Shift-Dir - straight line, f - adder
Aim: an adder (40% to hit)
You shoot a bolt. The bolt hits the adder.
The adder is lightly wounded.
The adder bites you but does no damage. The orc closely misses you.
The iguana bites you!
You die...

...........#'#...#
..........##.##..####
..........#...#.....#
.........#######....#
...#.....# #....#
...###...+ #..).# ...
#..#########...# ..
##.#(.?.(ol#...#
.....gS@...#
.....oo#...#
########...# ....#
.#### #. .. .#


You could see an iguana, an orc wizard (invisible), an adder, 2 orcs and a
hobgoblin.

Vanquished Creatures
  2 adders (D:2)
  A shadow imp (D:3)
  A worm (D:2)
  An orc (D:3)
  5 bats
  2 endoplasms (D:2)
  A giant cockroach (D:2)
  4 hobgoblins
  4 jackals (D:2)
  A quokka (D:1)
  7 ball pythons
  A frilled lizard (D:1)
  9 rats
39 creatures vanquished.

Vanquished Creatures (others)
  5 plants (D:3)
5 creatures vanquished.

Grand Total: 44 creatures vanquished

Notes
Turn   | Place    | Note
-------+----------+-------------------------------------------
     0 | D:1      | siradein the Naga Arcane Marksman began the quest for the
                  | Orb.
     0 | D:1      | Reached XP level 1. HP: 18/18 MP: 2/2
   292 | D:1      | Reached XP level 2. HP: 16/25 MP: 3/3
  1040 | D:2      | Reached XP level 3. HP: 6/31 MP: 5/5
  1334 | D:2      | Found a faded altar of an unknown god.
  2221 | D:3      | Learned a level 3 spell: Inner Flame
  2309 | D:3      | Reached XP level 4. HP: 39/39 MP: 6/6
  2337 | D:3      | Slain by an iguana

Illustrated notes

Levels and vault maps discovered:
D:1:      minmay_arrival_diagonal_passages, layout_basic
D:2:      layout_basic, basic_ecumenical_altar, kennysheep_generic_room_4
D:3:      layout_rooms, serial_forest, infiniplex_forest_corner_1,
          infiniplex_forest_clump_cross, infiniplex_forest_clump_small,
          infiniplex_forest_clump_double, infiniplex_forest_straight_2,
          minmay_divided_ellipse

Skill      XL: |  1  2  3 |
---------------+----------+-----
Crossbows      | 2 |  2.3
Dodging        | 2 |  2.1
Fighting       | |  1.8
Spellcasting   | |  1.7
Hexes          | |  3.4

Action                   |  1- 3 |  4- 6 || total
-------------------------+-------+-------++-------
 Fire: Hand crossbow     |   126 |     9 ||   135
 Abil: Spit Poison       |     1 |       ||     1
Armor: Robe              |    16 |     3 ||    19
Dodge: Dodged            |    50 |    17 ||    67

Table legend: (Time is in decaauts)
 A = Elapsed time spent in this place.
 B = Non-inter-level travel time spent in this place.
 C = Inter-level travel time spent in this place.
 D = Time resting spent in this place.
 E = Time spent auto-exploring this place.
 F = Levels seen in this place.
 G = Mean time per level.
                   A        B        C        D        E       F      G
               +--------+--------+--------+--------+--------+-----+--------+
         Total |   2940 |   2870 |     70 |      0 |   2563 |   3 |  980.0 |
       Dungeon |   2940 |   2870 |     70 |      0 |   2563 |   3 |  980.0 |
               +--------+--------+--------+--------+--------+-----+--------+

Top non-repeatable levels by time:
     D:2: 1601 daAuts
     D:1: 1173 daAuts
     D:3: 165 daAuts
